Map: Proxima Station LE

Players

Mamba

  • Race: Zerg Zerg
  • Spawn Location: 7:00

LiquidSnute (Snute) - Winner!

  • Race: Zerg Zerg
  • Spawn Location: 1:00

Event: IEM XI Katowice - World Championship 2017

VOD

Have the link to the VOD?

Description

Time

  • Played on: Feb. 27, 2017, 7:01 a.m.
  • Length: 8:06

All games in this series

Show
View Real Time Build Order
Export as new Build Order

Mamba Zerg 

Build Orders: Hatch First, Zergling Baneling 

Get SALT Encoding   

  12  0:00  Drone  
  13  0:13  Overlord  
  13  0:17  Drone  
  14  0:31  Drone x2  
  14  0:34  Drone  
  17  0:52  Hatchery  
  17  0:55  Drone  
  17  0:58  Drone  
  17  1:03  Extractor  
  17  1:13  Spawning Pool  
  17  1:16  Drone  
  17  1:20  Drone  
  18  1:28  Drone  
  19  1:39  Overlord  
  19  1:52  Drone  
  20  1:59  Queen  
  22  2:03  Drone  
  22  2:04  Metabolic Boost  
  22  2:05  Queen  
  22  2:08  Drone  
  26  2:13  Drone  
  27  2:19  Zergling x2  
  28  2:25  Drone x2  
  30  2:36  Hatchery  
  29  2:39  Drone  
  29  2:41  Drone  
  31  2:46  Drone  
  31  2:49  Baneling Nest  
  31  2:55  Overlord  
  31  2:57  Zergling x2  
  32  2:59  Zergling x2  
  33  3:07  Zergling x2  
  33  3:11  Overlord  
  33  3:14  Zergling x4  
  33  3:15  Zergling x4  
  33  3:19  Zergling x4  
  39  3:24  Zergling x4  
  41  3:35  Baneling x2  
  41  3:42  Baneling x2  
  41  3:47  Drone x4  
  41  3:48  Drone x4  
  49  3:56  Hatchery  
  46  4:06  Drone x3  
  49  4:16  Hatchery, Drone x2  
  50  4:20  Extractor  
  50  4:21  Baneling x4  
  49  4:25  Drone x3  
  48  4:32  Drone x2  
  48  4:36  Evolution Chamber, Extractor  
  48  4:41  Lair  
  48  4:42  Drone x3  
  51  4:50  Drone  
  52  4:55  Roach Warren  
  50  5:00  Overlord x2  
  50  5:05  Overlord x2  
  50  5:07  Zerg Missile Weapons Level 1  
  48  5:29  Queen, Drone x3  
  52  5:36  Roach  
  52  5:37  Roach x7  
  52  5:40  Glial Reconstitution  
  68  5:45  Roach x2  
  71  5:53  Roach x3  
  77  5:58  Overlord  
  77  6:00  Roach x2  
  81  6:11  Roach x4  
  89  6:19  Roach x2  
  89  6:20  Roach  
  89  6:22  Overlord  
  89  6:25  Overlord  
  95  6:28  Roach  
  97  6:33  Overlord  
  97  6:39  Overlord  
  97  6:40  Overlord  
  97  6:44  Roach x3  
  97  6:45  Roach  
  105  6:47  Roach  
  105  6:50  Roach  
  105  6:53  Roach x2  
  113  6:57  Roach  
  113  6:58  Roach  
  113  7:00  Roach  
  117  7:11  Roach x4  
  111  7:16  Drone x4  
  111  7:21  Roach x2  
  111  7:22  Roach  
  107  7:24  Drone  
  107  7:29  Roach  
  112  7:30  Roach x2  
  112  7:34  Spine Crawler  
  113  7:42  Ravager  
  112  7:44  Drone x3  
Show
View Real Time Build Order
Export as new Build Order

LiquidSnute Zerg - Winner!

Build Orders: Pool First, Zergling Baneling 

Get SALT Encoding   

  12  0:00  Drone  
  13  0:12  Overlord  
  13  0:17  Drone  
  14  0:30  Drone x2  
  14  0:34  Drone  
  17  0:42  Extractor  
  16  0:44  Drone  
  16  0:49  Spawning Pool  
  16  0:55  Drone  
  17  1:06  Drone  
  18  1:17  Drone  
  19  1:26  Hatchery  
  18  1:36  Queen  
  18  1:39  Overlord  
  20  1:46  Metabolic Boost  
  20  1:50  Zergling x2  
  21  1:54  Zergling x2  
  21  2:00  Drone  
  23  2:08  Baneling Nest  
  22  2:11  Zergling x2  
  23  2:15  Queen  
  25  2:23  Drone  
  26  2:32  Zergling x2  
  27  2:38  Zergling x2  
  27  2:43  Drone x2  
  27  2:44  Drone  
  31  2:51  Baneling x2  
  31  2:54  Drone  
  31  2:55  Drone  
  33  3:02  Overlord  
  33  3:10  Hatchery  
  32  3:17  Overlord  
  32  3:18  Zergling x2  
  32  3:19  Drone  
  34  3:21  Drone  
  34  3:24  Drone  
  36  3:27  Drone  
  36  3:28  Drone  
  36  3:31  Drone  
  36  3:34  Drone  
  40  3:37  Baneling  
  40  3:43  Baneling  
  40  3:44  Drone x3  
  40  3:46  Drone  
  44  3:51  Queen  
  41  4:03  Zergling x4  
  41  4:06  Zergling x4  
  41  4:07  Overlord  
  41  4:08  Drone x2  
  41  4:09  Drone  
  48  4:12  Extractor, Drone  
  48  4:16  Queen  
  50  4:20  Overlord  
  50  4:22  Baneling  
  50  4:23  Baneling  
  50  4:24  Drone  
  50  4:25  Drone  
  51  4:32  Drone x4  
  51  4:34  Drone  
  51  4:36  Drone  
  57  4:40  Lair  
  57  4:41  Extractor  
  57  4:44  Baneling  
  56  4:50  Baneling  
  56  4:55  Drone x4  
  56  4:56  Drone x2  
  56  4:59  Roach Warren  
  61  5:01  Evolution Chamber, Drone  
  61  5:04  Drone x2  
  62  5:10  Drone x3  
  62  5:11  Drone  
  62  5:12  Drone  
  67  5:17  Drone x2  
  67  5:19  Drone  
  69  5:27  Zerg Missile Weapons Level 1, Overlord  
  69  5:28  Overlord  
  69  5:30  Overlord  
  69  5:31  Extractor  
  67  5:37  Overlord x2  
  67  5:38  Glial Reconstitution  
  67  5:43  Roach x3  
  73  5:51  Roach x6  
  73  5:56  Roach  
  87  6:01  Roach x3  
  93  6:05  Roach  
  93  6:06  Overlord  
  93  6:09  Roach x2  
  99  6:14  Overlord  
  99  6:16  Roach x3  
  105  6:20  Roach  
  105  6:22  Zergling x2  
  105  6:24  Extractor, Roach x2  
  111  6:27  Roach x2  
  111  6:29  Overlord  
  115  6:33  Roach x3  
  115  6:36  Roach  
  115  6:39  Roach  
  125  6:44  Roach x2  
  125  6:45  Overlord  
  129  6:48  Roach  
  129  6:53  Roach  
  133  6:56  Extractor  
  132  7:02  Roach x3  
  132  7:03  Overlord  
  132  7:06  Overlord  
  138  7:09  Roach  
  138  7:10  Roach x3  
  138  7:13  Roach x2  
  138  7:14  Roach x2  
  146  7:21  Roach  
  146  7:22  Roach x2  
  146  7:32  Evolution Chamber, Roach x4  
  146  7:34  Drone x4  
  146  7:36  Drone  
  158  7:45  Drone x3  
  149  7:51  Drone  

Tags
 
Add a new tag
Caveats
  • Supply blocks, unpowered buildings, or Contaminate may cause inaccurate times.
  • Supply counts are checked every 10 seconds.